 Dungeon Sprint DCSS version 0.17-a0-1262-gd250d98 (webtiles) character file.

523125 Kidiri the Invulnerable (level 20, 247/247 HPs)
             Began as a Naga Fighter on June 6, 2015.
             Was the Champion of Cheibriados.
             Escaped with the Orb!
             The game lasted 00:48:22 (3201 turns).

Kidiri the Invulnerable (Naga Fighter)              Turns: 3201, Time: 00:48:22

Health: 247/247    AC: 73    Str: 42    XL:     20   Next: 92%
Magic:  35/35      EV:  1    Int: 26    God:    Cheibriados [******]
Gold:   0          SH: 41    Dex: 31    Spells: 0 memorised, 19 levels left

rFire  . . .     SeeInvis +     c - +17 lance "Wyrmbane" {slay drac, +Rage rPois rF+ AC+5}
rCold  + + .     Clarity  .     j - +15 Maxwell's patent armour {-Cast -Tele rElec MR+ rCorr}
rNeg   + + +     SustAt   .     m - +18 shield of the gong {rElec rN+ MR+ EV-5}
rPois  +         Gourm    .     Z - +0 helmet {Int+3}
rElec  +         Spirit   .     x - +2 cloak of the Morning {MR+ Dex+4 Slay-4}
rCorr  +         Warding  .     Y - +2 pair of gloves {archery}
rMut   .         NoTele   +     U - +2 naga barding {rC+}
MR     +++++     NoCast   +     X - amulet of Vitality {Regen+ HP+15}
Stlth  +++.......               K - ring of Greed {Ice +Inv rPois rN++ Int-2}
                                h - ring of Robustness {AC+8}

@: studying Slings, very slow, almost entirely resistant to hostile
enchantments, fairly stealthy
A: thin skeletal structure 1, see invisible, deformed body, poison resistance,
slowness 2, slow metabolism 1, spit poison 2, wild magic 1, constrict 1, AC +6
a: Spit Poison, Bend Time, Temporal Distortion, Slouch, Step From Time, Renounce
Religion, Evoke Berserk Rage, Evoke Invisibility
0: Orb of Zot


You escaped.
You worshipped Cheibriados.
Cheibriados was exalted by your worship.
You were not hungry.

You visited 1 branch

Inventory:

Hand weapons
 c - the +17 lance "Wyrmbane" (weapon) {slay drac, +Rage rPois rF+ AC+5}
   (You found it in the Dungeon)

   It affects your AC (+5).
   It protects you from fire.
   It protects you from poison.
   It lets you go berserk.
Armour
 j - the +15 Maxwell's patent armour (worn) {-Cast -Tele rElec MR+ rCorr}
   (You found it in the Dungeon)

   It insulates you from electricity.
   It affects your resistance to hostile enchantments.
   It prevents spellcasting.
   It prevents most forms of teleportation.
   It protects you from acid and corrosion.
 m - the +18 shield of the gong (worn) {rElec rN+ MR+ EV-5}
   (You found it in the Dungeon)

   It affects your evasion (-5).
   It insulates you from electricity.
   It protects you from negative energy.
   It affects your resistance to hostile enchantments.
 x - the +2 cloak of the Morning (worn) {MR+ Dex+4 Slay-4}
   (You found it in the Dungeon)

   It affects your dexterity (+4).
   It affects your accuracy and damage with ranged weapons and melee attacks
   (-4).
   It affects your resistance to hostile enchantments.
 U - a +2 naga barding of cold resistance (worn)
 Y - a +2 pair of gloves of archery (worn)
 Z - a +0 helmet of intelligence (worn)
Rods
 R - a +6 lightning rod (10/10)
   (You took it off a wight in the Dungeon)
Jewellery
 g - the ring "Zeefaol" {rElec rC+}
   (You took it off a spriggan air mage in the Dungeon)

   [ring of protection from cold]

   It protects you from cold.
   It insulates you from electricity.
 h - the ring of Robustness (left hand) {AC+8}
   (You found it in the Dungeon)

   [ring of protection]

   It affects your AC (+8).
 n - an uncursed ring of magical power
 o - an uncursed ring of fire
 p - the ring "Meahe" {-Tele +Inv rElec rN+ Str+3}
   (You found it in the Dungeon)

   [ring of strength]

   It affects your strength (+3).
   It insulates you from electricity.
   It protects you from negative energy.
   It lets you turn invisible.
   It prevents most forms of teleportation.
 J - an uncursed ring of magical power
 K - the ring of Greed (right hand) {Ice +Inv rPois rN++ Int-2}
   (You took it off a deep elf blademaster in the Dungeon)

   [ring of ice]

   It enhances your ice magic, and weakens your fire magic.
   It affects your intelligence (-2).
   It makes you vulnerable to fire.
   It protects you from cold.
   It protects you from poison.
   It greatly protects you from negative energy.
   It lets you turn invisible.
 M - an uncursed ring of stealth
 O - a +3 ring of protection
 P - the ring "Beacaneph" {Ice +Inv Str+2}
   (You found it in the Dungeon)

   [ring of ice]

   It enhances your ice magic, and weakens your fire magic.
   It affects your strength (+2).
   It makes you vulnerable to fire.
   It protects you from cold.
   It lets you turn invisible.
 Q - a +2 ring of strength
 S - a +2 ring of protection
 X - the amulet of Vitality (around neck) {Regen+ HP+15}
   (You found it in the Dungeon)

   [amulet of regeneration]

   It affects your health (+15).
   It increases your rate of regeneration.
Magical devices
 q - a wand of disintegration (7)
 r - a wand of fire (4)
 s - a wand of cold (5)
 t - a wand of draining (5)
Scrolls
 b - a scroll of acquirement
 k - 4 scrolls of blinking
 y - 4 scrolls of amnesia
 A - 3 scrolls of recharging
 B - 7 scrolls of fog
 C - 2 scrolls of holy word
 D - 5 scrolls of identify
 E - 5 scrolls of remove curse
 F - 2 scrolls of fear
 L - 8 scrolls of enchant weapon
 N - 7 scrolls of brand weapon
Potions
 d - 9 potions of might
 f - 6 potions of curing
 i - 6 potions of magic
 u - 2 potions of brilliance
 v - 2 potions of invisibility
 w - 4 potions of resistance
 z - 5 potions of agility
Books
 I - a manual of Slings
Comestibles
 e - 4 bread rations
 l - 3 royal jellies
 G - 42 fruits
 H - a meat ration


   Skills:
 + Level 26.2 Fighting
 O Level 27 Polearms
 O Level 27 Armour
 O Level 27 Stealth
 O Level 27 Shields
 - Level 22.4 Invocations
 * Level 23.8 Evocations


You had 19 spell levels left.
You didn't know any spells.

Dungeon Overview and Level Annotations

Branches:
Dungeon (1/1)

Altars:
Ashenzari
Cheibriados
Dithmenos
Elyvilon
Fedhas
Gozag
Kikubaaqudgha
Makhleb
Nemelex Xobeh
Okawaru
Qazlal
Ru
Sif Muna
Trog
Vehumet
Xom
Yredelemnul
Zin
The Shining One
Beogh
Jiyva
Lugonu


Innate Abilities, Weirdness & Mutations

You cannot wear boots.
Your serpentine skin is tough (AC +6).
You have supernaturally acute eyesight.
Armour fits poorly on your strangely shaped body.
Your system is resistant to poisons.
You cover ground very slowly.
You have a slow metabolism.
You can spit poison.
You can use your snake-like lower body to constrict enemies.
You have a somewhat thin skeletal structure (Dex +2, Stealth).
Your spells are a little harder to cast, but a little more powerful.


Message History

You see here a book of Beasts.
You see here a phial of floods.
You see here a phial of floods.
You see here a +2 hand crossbow of freezing.
You see here a phial of floods.
You see here a phial of floods.
You see here a book of Beasts.
Drop what? 48/52 slots (_ for help) (? for menu, Esc to quit)
Okay, then.
An exit appears before you!
Your surroundings seem different!
Found the Orb of Zot.
Found a staircase leading out of the dungeon.
Unknown command.
You see here the Orb of Zot.
You pick up the Orb of Zot!
The Orb lets out a hideous shriek!
The lords of Pandemonium are not amused.
Beware!
Cheibriados tells them not to hurry.
Now all you have to do is get back out of the dungeon!
There is a staircase leading out of the dungeon here.
You have escaped!

....).).....▓.............▓...8©8
............▓.....).[.....▓..}:.}
.......)....▓.....))).....▓..).})
............▓.............▓......
............▓.....[.).....▓......
............▓▓▓▓▓▓▓▓▓▓▓▓▓▓▓....).
............▓8888888888888▓....))
▓.......▓...▓8...........8▓..▓.).
............▓8..@........8▓.▓....
............▓8...........8▓......
............▓8888888888888▓▓▓▓▓▓▓
▓▓▓▓▓▓▓▓▓▓▓▓▓▓▓▓▓▓▓▓▓▓▓▓▓▓▓▓▓▓▓▓▓
.....8©8........▓........8©8.....
|):|}=[.)}::.P|.▓.:).:)[[}=))[|))
P).}:[}.))):))).▓.)=)....[|[[=..)
|.|)).)))).)))).▓....)[)|.:})):")
.)).)....)......▓.......|)}|:....


There were no monsters in sight!

Vanquished Creatures
  19 pandemonium lords (D)
  A greater mummy (D)
  A curse toe (D)
  A golden dragon (D)
  A lich (D)
  8 electric golems (D)
  2 Shadow Fiends (D)
  An Orb Guardian (D)
  An Ice Fiend (D)
  10 titans (D)
  10 deep elf blademasters (D)
  2 quicksilver dragons (D)
  10 deep elf master archers (D)
  A tentacled starspawn (D)
  10 shadow dragons (D)
  13 storm dragons (D)
  A greater naga (D)
  2 daevas (D)
  4 iron dragons (D)
  12 deep elf sorcerers (D)
  2 frost giants (D)
  An angel (D)
  2 balrugs (D)
  A cacodemon (D)
  3 reapers (D)
  6 ghouls (D)
  An ophan (D)
  A corrupter (D)
  A stone giant (D)
  A blood saint (D)
  4 deep elf annihilators (D)
  A deep elf demonologist (D)
  2 black draconians (D)
  3 green draconians (D)
  2 apis (D)
  3 yellow draconians (D)
  4 purple draconians (D)
  A red draconian (D)
  A mummy priest (D)
  A great orb of eyes (D)
  6 deep elf high priests (D)
  2 fire dragons (D)
  2 naga warriors (D)
  11 spriggan air magi (D)
  2 hell hogs (D)
  3 thrashing horrors (D)
  A vampire mage (D)
  9 deep elf knights (D)
  A sun demon (D)
  14 soul eaters (D)
  A wretched star (D)
  A cherub (D)
  3 flayed ghosts (D)
  2 skeletal warriors (D)
  An ice devil (D)
  4 deep elf summoners (D)
  2 death drakes (D)
  5 starcursed masses (D)
  4 swamp dragons (D)
  A phantasmal warrior (D)
  A gelid demonspawn (D)
  3 hill giants (D)
  A necromancer (D)
  4 deep elf conjurers (D)
  2 worldbinders (D)
  A guardian serpent (D)
  4 cyclopes (D)
  2 black mambas (D)
  A spiny frog (D)
  3 naga magi (D)
  A sixfirhy (D)
  4 smoke demons (D)
  A rust devil (D)
  A hellwing (D)
  4 hellions (D)
  2 deep elf priests (D)
  2 tormentors (D)
  A fire drake (D)
  2 guardian mummies (D)
  3 ancient zymes (D)
  13 wind drakes (D)
  A freezing wraith (D)
  3 raiju (D)
  3 red devils (D)
  A blue devil (D)
  A troll (D)
  4 two-headed ogres (D)
  2 flying skulls (D)
  5 wraiths (D)
  7 air elementals (D)
  3 vampires (D)
  6 shadows (D)
  2 fire bats (D)
  13 deep elf magi (D)
  3 neqoxecs (D)
  6 deep elf fighters (D)
  2 ynoxinuls (D)
  2 wyverns (D)
  6 insubstantial wisps (D)
  2 wolves (D)
  3 mottled dragons (D)
  6 hell hounds (D)
  4 water moccasins (D)
  A naga (D)
  2 swamp drakes (D)
  7 small abominations (D)
  An eye of draining (D)
  A sky beast (D)
  10 large abominations (D)
  3 necrophages (D)
  3 ogres (D)
  A crocodile (D)
  2 giant frogs (D)
  An earth elemental (D)
  5 wights (D)
  2 crimson imps (D)
  4 iron imps (D)
  2 orc wizards (D)
  4 mummies (D)
  6 adders (D)
  4 river rats (D)
  4 shadow imps (D)
  2 ufetubi (D)
  4 white imps (D)
  12 adder skeletons (D)
  12 adder zombies (D)
  2 orcs (D)
  A spectral bat (D)
  10 bat skeletons (D)
  6 bat zombies (D)
  A jackal (D)
  6 ball pythons (D)
  A ball python skeleton (D)
  2 ball python zombies (D)
  A bat simulacrum (D)
  8 giant cockroach zombies (D)
  4 giant gecko skeletons (D)
  A giant gecko zombie (D)
  3 jackal skeletons (D)
  A lurking horror (D)
  3 quokka skeletons (D)
  2 quokka zombies (D)
  A spectral jackal (D)
  A spectral quokka (D)
  12 crawling corpses (D)
  5 fungi (D)
  A starspawn tentacle (D)
532 creatures vanquished.

Vanquished Creatures (others)
  A hell hog (D)
  An adder (D)
  A bat skeleton (D)
  A starspawn tentacle (D)
  66 starspawn tentacle segments (D)
70 creatures vanquished.

Grand Total: 602 creatures vanquished

Notes
Turn   | Place    | Note
--------------------------------------------------------------
     0 | D        | Kidiri the Naga Fighter began the quest for the Orb.
     0 | D        | Reached XP level 1. HP: 21/21 MP: 1/1
     4 | D        | Became a worshipper of Cheibriados the Contemplative
    25 | D        | Found an iron altar of Okawaru.
    25 | D        | Found a radiant altar of Vehumet.
    25 | D        | Found a shimmering altar of Xom.
    25 | D        | Found a burning altar of Makhleb.
    48 | D        | Found a deep blue altar of Sif Muna.
    50 | D        | Found a sparkling altar of Nemelex Xobeh.
    50 | D        | Found a bloodstained altar of Trog.
    50 | D        | Found a white marble altar of Elyvilon.
    50 | D        | Found a corrupted altar of Lugonu.
    50 | D        | Found a roughly hewn altar of Beogh.
    82 | D        | Found a viscous altar of Jiyva.
   112 | D        | Reached XP level 2. HP: 28/30 MP: 1/4
   146 | D        | Entered arena 1.
   146 | D        | Noticed an iron imp
   152 | D        | Killed an iron imp
   152 | D        | Reached skill level 4 in Fighting
   152 | D        | Reached XP level 3. HP: 21/36 MP: 4/6
   164 | D        | Got the +2 cloak of the Morning {MR+ Dex+4 Slay-4}
   267 | D        | Entered arena 2.
   286 | D        | Acquired Cheibriados's first power
   300 | D        | Reached XP level 4. HP: 39/44 MP: 7/7
   327 | D        | Entered arena 3.
   327 | D        | Noticed an orc wizard
   327 | D        | Noticed an orc wizard
   337 | D        | Acquired Cheibriados's second power
   337 | D        | Reached skill level 5 in Invocations
   365 | D        | Killed an orc wizard
   378 | D        | Killed an orc wizard
   378 | D        | Reached skill level 5 in Armour
   378 | D        | Reached skill level 5 in Shields
   378 | D        | Reached XP level 5. HP: 38/51 MP: 7/9
   380 | D        | Got the +5 bardiche of Uvizu {chop, *Contam rPois Dex+2}
   439 | D        | Entered arena 4.
   439 | D        | Noticed a water moccasin
   439 | D        | Noticed a water moccasin
   439 | D        | Noticed a water moccasin
   463 | D        | Killed a water moccasin
   463 | D        | Acquired Cheibriados's third power
   463 | D        | Reached skill level 5 in Fighting
   463 | D        | Reached skill level 6 in Invocations
   463 | D        | Reached XP level 6. HP: 42/61 MP: 9/11
   486 | D        | Killed a water moccasin
   486 | D        | Acquired Cheibriados's fourth power
   486 | D        | Reached skill level 5 in Polearms
   486 | D        | Reached skill level 7 in Invocations
   502 | D        | Killed a water moccasin
   502 | D        | Reached skill level 8 in Invocations
   502 | D        | Reached XP level 7. HP: 48/68 MP: 11/13
   579 | D        | Entered arena 5.
   579 | D        | Noticed a wolf
   579 | D        | Noticed a wolf
   594 | D        | Killed a wolf
   594 | D        | Killed a wolf
   594 | D        | Reached skill level 9 in Invocations
   615 | D        | Entered arena 6.
   615 | D        | Noticed a deep elf fighter
   615 | D        | Noticed a deep elf mage
   615 | D        | Noticed a deep elf mage
   615 | D        | Noticed a deep elf mage
   615 | D        | Noticed a deep elf fighter
   615 | D        | Noticed a deep elf summoner
   616 | D        | Killed a deep elf fighter
   617 | D        | Noticed a redback
   617 | D        | Noticed a demonic crawler
   617 | D        | Noticed a demonic crawler
   617 | D        | Killed a redback
   617 | D        | Killed a deep elf summoner
   617 | D        | Reached skill level 10 in Invocations
   617 | D        | Reached XP level 8. HP: 77/80 MP: 8/15
   617 | D        | Killed a deep elf mage
   617 | D        | Killed a deep elf mage
   617 | D        | Killed a deep elf fighter
   617 | D        | Reached XP level 9. HP: 82/86 MP: 8/17
   617 | D        | Killed a deep elf mage
   617 | D        | Reached skill level 11 in Invocations
   670 | D        | Entered arena 7.
   670 | D        | Noticed a crocodile
   670 | D        | Noticed a giant frog
   670 | D        | Noticed a spiny frog
   670 | D        | Noticed a giant frog
   671 | D        | Killed a giant frog
   671 | D        | Killed a giant frog
   671 | D        | Killed a crocodile
   676 | D        | Killed a spiny frog
   752 | D        | Entered arena 8.
   752 | D        | Noticed an insubstantial wisp
   752 | D        | Noticed a wind drake
   752 | D        | Noticed an insubstantial wisp
   752 | D        | Noticed a wind drake
   752 | D        | Noticed an insubstantial wisp
   752 | D        | Noticed an air elemental
   752 | D        | Noticed an air elemental
   753 | D        | Killed an air elemental
   753 | D        | Killed an air elemental
   753 | D        | Killed an insubstantial wisp
   753 | D        | Reached skill level 12 in Invocations
   753 | D        | Killed an insubstantial wisp
   753 | D        | Killed an insubstantial wisp
   753 | D        | Reached skill level 10 in Armour
   754 | D        | Killed a wind drake
   754 | D        | Reached skill level 10 in Shields
   754 | D        | Reached XP level 10. HP: 83/98 MP: 12/19
   754 | D        | Killed a wind drake
   768 | D        | Got the ring "Ter Gij" {+Fly rPois MP+9 Int-5 Stlth+}
   795 | D        | Entered arena 9.
   795 | D        | Noticed a water moccasin
   795 | D        | Noticed a black mamba
   795 | D        | Noticed a black mamba
   796 | D        | Killed a black mamba
   796 | D        | Killed a black mamba
   796 | D        | Killed a water moccasin
   817 | D        | Got the ring "Muf Nypp" {*Drain MP+9 Str+10}
   944 | D        | Entered arena 10.
   944 | D        | Noticed a hell hound
   944 | D        | Noticed a hell hound
   944 | D        | Noticed a hell hound
   945 | D        | Killed a hell hound
   945 | D        | Killed a hell hound
   945 | D        | Reached skill level 13 in Invocations
   945 | D        | Killed a hell hound
   984 | D        | Entered arena 11.
   984 | D        | Noticed a guardian mummy
   984 | D        | Noticed a flying skull
   984 | D        | Noticed a flying skull
   985 | D        | Noticed a mummy priest
   985 | D        | Noticed a guardian mummy
   985 | D        | Killed a flying skull
   985 | D        | Killed a flying skull
   986 | D        | Noticed a greater mummy
   988 | D        | Killed a guardian mummy
   988 | D        | Killed a guardian mummy
   989 | D        | Noticed a rust devil
   989 | D        | Killed a mummy priest
   998 | D        | Noticed a sixfirhy
   998 | D        | Killed a rust devil
   998 | D        | Killed a sixfirhy
  1027 | D        | Killed a greater mummy
  1027 | D        | Reached skill level 10 in Fighting
  1027 | D        | Reached skill level 10 in Polearms
  1027 | D        | Reached skill level 15 in Invocations
  1027 | D        | Reached XP level 11. HP: 39/110 MP: 5/22
  1250 | D        | Entered arena 12.
  1250 | D        | Noticed an iron imp
  1250 | D        | Noticed a reaper
  1250 | D        | Noticed a red devil
  1250 | D        | Noticed a hell hound
  1250 | D        | Noticed a skeletal warrior
  1251 | D        | Noticed a reaper
  1251 | D        | Noticed a red devil
  1251 | D        | Noticed a rust devil
  1251 | D        | Killed an iron imp
  1251 | D        | Killed a hell hound
  1251 | D        | Killed a red devil
  1252 | D        | Noticed a blue devil
  1253 | D        | Killed a skeletal warrior
  1253 | D        | Killed a red devil
  1253 | D        | Killed a rust devil
  1254 | D        | Killed a blue devil
  1255 | D        | Killed a reaper
  1255 | D        | Reached XP level 12. HP: 115/120 MP: 17/23
  1255 | D        | Killed a reaper
  1280 | D        | Entered arena 13.
  1302 | D        | Noticed a soul eater
  1302 | D        | Noticed a shadow dragon
  1303 | D        | Noticed a soul eater
  1304 | D        | Noticed a soul eater
  1305 | D        | Killed a soul eater
  1305 | D        | Reached skill level 16 in Invocations
  1306 | D        | Killed a soul eater
  1309 | D        | Killed a soul eater
  1318 | D        | Killed a shadow dragon
  1426 | D        | Entered arena 14.
  1427 | D        | Noticed an angel
  1427 | D        | Noticed an apis
  1428 | D        | Noticed a daeva
  1428 | D        | Noticed a daeva
  1428 | D        | Noticed an ophan
  1428 | D        | Noticed an apis
  1428 | D        | Noticed a cherub
  1432 | D        | Killed an angel
  1432 | D        | Killed a cherub
  1435 | D        | Killed an ophan
  1435 | D        | Reached skill level 17 in Invocations
  1435 | D        | Killed an apis
  1436 | D        | Killed a daeva
  1436 | D        | Killed an apis
  1436 | D        | Gained mutation: You can use your snake-like lower body to constrict enemies. [Naga growth]
  1436 | D        | Reached XP level 13. HP: 77/129 MP: 14/25
  1436 | D        | Killed a daeva
  1482 | D        | Entered arena 15.
  1483 | D        | Noticed a naga mage
  1483 | D        | Noticed a naga warrior
  1483 | D        | Noticed a naga
  1484 | D        | Noticed a naga warrior
  1484 | D        | Noticed a naga mage
  1484 | D        | Noticed a greater naga
  1484 | D        | Noticed a naga mage
  1487 | D        | Killed a naga mage
  1487 | D        | Killed a naga mage
  1487 | D        | Killed a naga
  1488 | D        | Killed a naga mage
  1489 | D        | Killed a greater naga
  1489 | D        | Reached skill level 18 in Invocations
  1495 | D        | Killed a naga warrior
  1497 | D        | Killed a naga warrior
  1652 | D        | Entered arena 16.
  1655 | D        | Noticed a yellow draconian
  1655 | D        | Noticed a yellow draconian
  1655 | D        | Noticed a black draconian
  1655 | D        | Noticed a purple draconian
  1655 | D        | Noticed a purple draconian
  1655 | D        | Noticed a curse toe
  1655 | D        | Noticed a black draconian
  1655 | D        | Noticed a purple draconian
  1655 | D        | Noticed a green draconian
  1655 | D        | Noticed a purple draconian
  1656 | D        | Noticed an Orb Guardian
  1656 | D        | Noticed a green draconian
  1656 | D        | Noticed a yellow draconian
  1657 | D        | Noticed a green draconian
  1657 | D        | Noticed a red draconian
  1658 | D        | Killed an Orb Guardian
  1658 | D        | Reached skill level 15 in Armour
  1658 | D        | Killed a purple draconian
  1658 | D        | Reached skill level 15 in Shields
  1659 | D        | Killed a black draconian
  1659 | D        | Killed a yellow draconian
  1659 | D        | Killed a green draconian
  1659 | D        | Killed a purple draconian
  1659 | D        | Killed a black draconian
  1659 | D        | Killed a purple draconian
  1659 | D        | Killed a purple draconian
  1659 | D        | Reached skill level 19 in Invocations
  1659 | D        | Killed a yellow draconian
  1659 | D        | Killed a green draconian
  1659 | D        | Killed a green draconian
  1659 | D        | Killed a yellow draconian
  1659 | D        | Killed a red draconian
  1676 | D        | Killed a curse toe
  1676 | D        | Reached XP level 14. HP: 30/142 MP: 9/27
  1688 | D        | Got the ring of the Four Seas {rC- MP+9 Int+6}
  1785 | D        | Entered arena 17.
  1788 | D        | Noticed an ogre
  1788 | D        | Noticed a cyclops
  1788 | D        | Noticed a two-headed ogre
  1788 | D        | Noticed a frost giant
  1788 | D        | Noticed a hill giant
  1788 | D        | Noticed a two-headed ogre
  1788 | D        | Noticed a troll
  1788 | D        | Noticed a hill giant
  1788 | D        | Noticed a two-headed ogre
  1789 | D        | Noticed an ogre
  1789 | D        | Noticed a cyclops
  1789 | D        | Noticed a cyclops
  1789 | D        | Noticed a frost giant
  1789 | D        | Noticed a cyclops
  1789 | D        | Killed a two-headed ogre
  1789 | D        | Killed an ogre
  1789 | D        | Noticed an ogre
  1790 | D        | Noticed a two-headed ogre
  1790 | D        | Killed a troll
  1790 | D        | Killed an ogre
  1790 | D        | Killed a two-headed ogre
  1790 | D        | Killed a two-headed ogre
  1791 | D        | Noticed a stone giant
  1791 | D        | Noticed a hill giant
  1791 | D        | Killed a hill giant
  1791 | D        | Killed a hill giant
  1791 | D        | Killed a cyclops
  1791 | D        | Killed a two-headed ogre
  1791 | D        | Killed a cyclops
  1791 | D        | Killed an ogre
  1791 | D        | Killed a cyclops
  1791 | D        | Reached skill level 20 in Invocations
  1793 | D        | Killed a frost giant
  1796 | D        | Killed a frost giant
  1796 | D        | Killed a cyclops
  1797 | D        | Killed a hill giant
  1805 | D        | Killed a stone giant
  1875 | D        | Entered arena 18.
  1875 | D        | Noticed a wight
  1875 | D        | Noticed a vampire
  1880 | D        | Killed a wight
  1881 | D        | Noticed a shadow
  1882 | D        | Noticed a wight
  1883 | D        | Noticed a necromancer
  1883 | D        | Noticed a necrophage
  1883 | D        | Noticed a skeletal warrior
  1883 | D        | Noticed a shadow
  1884 | D        | Noticed a shadow
  1885 | D        | Noticed a wight
  1885 | D        | Killed a vampire
  1886 | D        | Noticed a vampire mage
  1889 | D        | Noticed a necrophage
  1890 | D        | Noticed a shadow
  1891 | D        | Killed a shadow
  1891 | D        | Killed a wight
  1891 | D        | Killed a shadow
  1891 | D        | Killed a wight
  1891 | D        | Killed a shadow
  1891 | D        | Killed a necrophage
  1891 | D        | Killed a shadow
  1892 | D        | Killed a necrophage
  1892 | D        | Killed a necromancer
  1892 | D        | Killed a vampire mage
  1896 | D        | Killed a skeletal warrior
  1902 | D        | Got the amulet "Juir" {Spirit Int+5 Dex+4}
  1980 | D        | Entered arena 19.
  1985 | D        | Noticed a thrashing horror
  1985 | D        | Noticed a tentacled starspawn
  1985 | D        | Noticed a ynoxinul
  1985 | D        | Noticed a small abomination
  1985 | D        | Noticed a fire bat
  1985 | D        | Noticed a smoke demon
  1985 | D        | Noticed a crimson imp
  1985 | D        | Noticed a guardian serpent
  1986 | D        | Noticed a large abomination
  1986 | D        | Killed a thrashing horror
  1986 | D        | Killed a fire bat
  1986 | D        | Killed a small abomination
  1986 | D        | Killed a crimson imp
  1986 | D        | Killed a guardian serpent
  1987 | D        | Noticed an ancient zyme
  1987 | D        | Noticed a large abomination
  1987 | D        | Noticed a sun demon
  1987 | D        | Noticed a sixfirhy
  1987 | D        | Noticed a crimson imp
  1987 | D        | Killed a smoke demon
  1987 | D        | Killed a ynoxinul
  1987 | D        | Killed a sixfirhy
  1987 | D        | Killed a large abomination
  1987 | D        | Killed a crimson imp
  1988 | D        | Noticed a large abomination
  1989 | D        | Killed a tentacled starspawn
  1993 | D        | Killed a sun demon
  2000 | D        | Killed an ancient zyme
  2009 | D        | Killed a large abomination
  2014 | D        | Killed a large abomination
  2014 | D        | Reached skill level 21 in Invocations
  2035 | D        | Gained mutation: Your spells are a little harder to cast, but a little more powerful. [mutagenic meat]
  2036 | D        | Gained mutation: Your muscles are strong. (Str +2) [mutagenic meat]
  2037 | D        | Gained mutation: You have a somewhat thin skeletal structure (Dex +2, Stealth). [mutagenic meat]
  2038 | D        | Lost mutation: Your muscles are strong. (Str +2) [mutagenic meat]
  2051 | D        | Got the ring of the Crown {Int-3 Dex+6 SInv Stlth-}
  2097 | D        | Entered arena 20.
  2102 | D        | Noticed an iron dragon
  2102 | D        | Noticed a swamp drake
  2102 | D        | Noticed a death drake
  2103 | D        | Noticed a fire dragon
  2103 | D        | Noticed a mottled dragon
  2103 | D        | Noticed a golden dragon
  2103 | D        | Noticed a shadow dragon
  2103 | D        | Noticed a swamp dragon
  2103 | D        | Noticed an iron dragon
  2103 | D        | Noticed a shadow dragon
  2103 | D        | Noticed a swamp dragon
  2103 | D        | Noticed a wyvern
  2103 | D        | Noticed an iron dragon
  2103 | D        | Noticed a death drake
  2103 | D        | Noticed an iron dragon
  2103 | D        | Noticed a swamp drake
  2103 | D        | Noticed a swamp dragon
  2104 | D        | Noticed a quicksilver dragon
  2104 | D        | Noticed a fire dragon
  2104 | D        | Noticed a mottled dragon
  2104 | D        | Noticed a wyvern
  2104 | D        | Killed a wyvern
  2104 | D        | Killed a mottled dragon
  2104 | D        | Killed a wyvern
  2105 | D        | Noticed a mottled dragon
  2105 | D        | Noticed a quicksilver dragon
  2105 | D        | Noticed a swamp dragon
  2105 | D        | Killed a death drake
  2105 | D        | Killed a quicksilver dragon
  2105 | D        | Killed a swamp drake
  2105 | D        | Killed a mottled dragon
  2105 | D        | Killed a mottled dragon
  2106 | D        | Noticed a fire drake
  2106 | D        | Killed a death drake
  2106 | D        | Killed a swamp dragon
  2106 | D        | Killed a swamp dragon
  2106 | D        | Killed a swamp dragon
  2106 | D        | Reached XP level 15. HP: 151/151 MP: 27/29
  2106 | D        | Killed a quicksilver dragon
  2106 | D        | Reached skill level 15 in Fighting
  2106 | D        | Killed a fire drake
  2106 | D        | Killed a swamp drake
  2107 | D        | Killed a fire dragon
  2107 | D        | Killed a fire dragon
  2107 | D        | Killed a swamp dragon
  2108 | D        | Killed a golden dragon
  2108 | D        | Reached skill level 15 in Polearms
  2108 | D        | Killed a shadow dragon
  2108 | D        | Reached skill level 22 in Invocations
  2108 | D        | Killed a shadow dragon
  2110 | D        | Killed an iron dragon
  2111 | D        | Killed an iron dragon
  2117 | D        | Killed an iron dragon
  2120 | D        | Killed an iron dragon
  2237 | D        | Got the ring "Doeros" {rF+ rC+ rN+ MP+9 Int+4}
  2244 | D        | Entered arena 21.
  2248 | D        | Noticed Ciekk the pandemonium lord
  2248 | D        | Noticed Beefruw the pandemonium lord
  2248 | D        | Noticed Jurricwy the pandemonium lord
  2248 | D        | Noticed an Ice Fiend
  2248 | D        | Noticed a smoke demon
  2248 | D        | Noticed a gelid demonspawn
  2248 | D        | Noticed a gelid corrupter
  2249 | D        | Noticed Ivill the pandemonium lord
  2249 | D        | Noticed a Shadow Fiend
  2249 | D        | Noticed Acammefi the pandemonium lord
  2249 | D        | Noticed Ika Jumm the pandemonium lord
  2249 | D        | Noticed Xotsuk the pandemonium lord
  2249 | D        | Noticed Ytorost the pandemonium lord
  2249 | D        | Noticed Dogruuth the pandemonium lord
  2249 | D        | Noticed Getoll the pandemonium lord
  2249 | D        | Noticed Gamneux the pandemonium lord
  2249 | D        | Noticed Peuric the pandemonium lord
  2249 | D        | Noticed a red devil
  2249 | D        | Noticed a neqoxec
  2249 | D        | Noticed Doggum the pandemonium lord
  2249 | D        | Noticed Ciujejur the pandemonium lord
  2249 | D        | Noticed Dudon the pandemonium lord
  2249 | D        | Noticed Catol the pandemonium lord
  2249 | D        | Noticed Kaots the pandemonium lord
  2249 | D        | Noticed Iczuy the pandemonium lord
  2250 | D        | Noticed an infernal blood saint
  2250 | D        | Killed a gelid demonspawn
  2251 | D        | Noticed Fiyj the pandemonium lord
  2251 | D        | Noticed a balrug
  2251 | D        | Killed a gelid corrupter
  2251 | D        | Killed a smoke demon
  2251 | D        | Killed an infernal blood saint
  2251 | D        | Killed a red devil
  2251 | D        | Killed a neqoxec
  2252 | D        | Killed Xotsuk the pandemonium lord
  2252 | D        | Killed Beefruw the pandemonium lord
  2252 | D        | Killed Iczuy the pandemonium lord
  2253 | D        | Noticed a tentacled monstrosity
  2253 | D        | Killed Acammefi the pandemonium lord
  2253 | D        | Reached XP level 16. HP: 42/168 MP: 25/31
  2253 | D        | Killed Ytorost the pandemonium lord
  2253 | D        | Killed an Ice Fiend
  2253 | D        | Killed Jurricwy the pandemonium lord
  2253 | D        | Killed Dogruuth the pandemonium lord
  2253 | D        | Killed Peuric the pandemonium lord
  2253 | D        | Killed Ika Jumm the pandemonium lord
  2253 | D        | Killed Dudon the pandemonium lord
  2253 | D        | Killed Catol the pandemonium lord
  2253 | D        | Killed Ciekk the pandemonium lord
  2253 | D        | Reached XP level 17. HP: 43/181 MP: 25/32
  2253 | D        | Killed Kaots the pandemonium lord
  2253 | D        | Killed a balrug
  2253 | D        | Killed Doggum the pandemonium lord
  2254 | D        | Noticed an ice devil
  2254 | D        | Killed Getoll the pandemonium lord
  2254 | D        | Killed Ciujejur the pandemonium lord
  2254 | D        | Killed Fiyj the pandemonium lord
  2254 | D        | Reached skill level 23 in Armour
  2254 | D        | Killed a Shadow Fiend
  2255 | D        | Killed an ice devil
  2258 | D        | Killed Gamneux the pandemonium lord
  2262 | D        | Killed Ivill the pandemonium lord
  2280 | D        | Got the +15 plate armour of Dawn {rPois rC+ SInv}
  2318 | D        | Got the ring "Lama" {rElec rF+ Slay-2 SInv Stlth+}
  2342 | D        | Entered arena 22.
  2349 | D        | Noticed a deep elf sorcerer
  2349 | D        | Noticed a deep elf knight
  2349 | D        | Noticed a deep elf sorcerer
  2349 | D        | Noticed a deep elf mage
  2349 | D        | Noticed a deep elf fighter
  2349 | D        | Noticed a deep elf knight
  2349 | D        | Noticed a deep elf sorcerer
  2349 | D        | Noticed a deep elf high priest
  2349 | D        | Noticed a deep elf sorcerer
  2349 | D        | Noticed a deep elf high priest
  2349 | D        | Noticed a deep elf blademaster
  2349 | D        | Noticed a deep elf blademaster
  2349 | D        | Noticed a deep elf blademaster
  2349 | D        | Noticed a deep elf annihilator
  2349 | D        | Noticed a deep elf master archer
  2350 | D        | Noticed a deep elf master archer
  2350 | D        | Noticed a deep elf conjurer
  2350 | D        | Noticed a deep elf master archer
  2350 | D        | Noticed a deep elf sorcerer
  2350 | D        | Noticed a deep elf knight
  2350 | D        | Noticed a deep elf sorcerer
  2350 | D        | Noticed a deep elf master archer
  2350 | D        | Noticed a deep elf priest
  2351 | D        | Noticed a deep elf knight
  2351 | D        | Noticed a deep elf blademaster
  2351 | D        | Noticed a deep elf sorcerer
  2352 | D        | Killed a deep elf mage
  2353 | D        | Noticed a deep elf blademaster
  2353 | D        | Noticed a deep elf master archer
  2353 | D        | Killed a deep elf blademaster
  2353 | D        | Killed a deep elf high priest
  2353 | D        | Killed a deep elf sorcerer
  2353 | D        | Killed a deep elf knight
  2353 | D        | Killed a deep elf knight
  2353 | D        | Killed a deep elf high priest
  2353 | D        | Killed a deep elf knight
  2353 | D        | Killed a deep elf fighter
  2353 | D        | Killed a deep elf sorcerer
  2353 | D        | Killed a deep elf conjurer
  2353 | D        | Killed a deep elf knight
  2353 | D        | Killed a deep elf priest
  2353 | D        | Noticed a deep elf high priest
  2354 | D        | Noticed a deep elf mage
  2354 | D        | Killed a deep elf blademaster
  2354 | D        | Reached skill level 24 in Armour
  2354 | D        | Killed a deep elf blademaster
  2354 | D        | Killed a deep elf blademaster
  2354 | D        | Reached XP level 18. HP: 196/196 MP: 31/33
  2354 | D        | Killed a deep elf annihilator
  2354 | D        | Killed a deep elf master archer
  2354 | D        | Killed a deep elf master archer
  2354 | D        | Killed a deep elf sorcerer
  2354 | D        | Killed a deep elf sorcerer
  2354 | D        | Killed a deep elf master archer
  2354 | D        | Killed a deep elf master archer
  2354 | D        | Killed a deep elf sorcerer
  2354 | D        | Killed a deep elf sorcerer
  2354 | D        | Killed a deep elf mage
  2356 | D        | Killed a deep elf blademaster
  2356 | D        | Killed a deep elf master archer
  2356 | D        | Killed a deep elf high priest
  2358 | D        | Killed a deep elf sorcerer
  2358 | D        | Reached skill level 25 in Armour
  2463 | D        | Got the ring of Greed {Ice +Inv rPois rN++ Int-2}
  2484 | D        | Entered arena 23.
  2484 | D        | Noticed a vampire
  2489 | D        | Noticed a hell hound
  2489 | D        | Killed a vampire
  2492 | D        | Killed a hell hound
  2492 | D        | Reached skill level 1 in Evocations
  2494 | D        | Noticed a hell hog
  2495 | D        | Noticed a hellion
  2497 | D        | Noticed a hell hog
  2497 | D        | Noticed a wraith
  2497 | D        | Noticed a wight
  2497 | D        | Noticed a hell hound
  2498 | D        | Noticed a wraith
  2498 | D        | Noticed a flayed ghost
  2498 | D        | Noticed a shadow
  2498 | D        | Noticed a hellion
  2499 | D        | Killed a hellion
  2499 | D        | Killed a hell hound
  2499 | D        | Killed a wight
  2499 | D        | Killed a hell hog
  2500 | D        | Noticed a hellion
  2500 | D        | Killed a hell hog
  2500 | D        | Killed a wraith
  2500 | D        | Killed a wraith
  2500 | D        | Killed a shadow
  2500 | D        | Killed a hellion
  2501 | D        | Killed a flayed ghost
  2501 | D        | Killed a hellion
  2502 | D        | Noticed a hell hog
  2502 | D        | Noticed a wraith
  2503 | D        | Noticed a tormentor
  2503 | D        | Noticed a balrug
  2503 | D        | Killed a tormentor
  2504 | D        | Noticed a tormentor
  2504 | D        | Killed a hell hog
  2504 | D        | Killed a wraith
  2505 | D        | Noticed a wraith
  2505 | D        | Killed a balrug
  2505 | D        | Killed a tormentor
  2506 | D        | Noticed a shadow
  2509 | D        | Killed a wraith
  2510 | D        | Noticed a lich
  2511 | D        | Killed a shadow
  2512 | D        | Noticed a flayed ghost
  2515 | D        | Killed a lich
  2515 | D        | Reached skill level 5 in Evocations
  2515 | D        | Killed a flayed ghost
  2611 | D        | Entered arena 24.
  2615 | D        | Noticed a vampire
  2615 | D        | Noticed a hellwing
  2615 | D        | Noticed a cacodemon
  2616 | D        | Noticed a starcursed mass
  2616 | D        | Noticed a small abomination
  2616 | D        | Noticed a neqoxec
  2616 | D        | Noticed a neqoxec
  2616 | D        | Noticed a starcursed mass
  2616 | D        | Noticed a thrashing horror
  2616 | D        | Noticed a large abomination
  2616 | D        | Noticed a raiju
  2616 | D        | Noticed a large abomination
  2616 | D        | Noticed a smoke demon
  2616 | D        | Noticed an ancient zyme
  2616 | D        | Noticed a large abomination
  2616 | D        | Noticed a small abomination
  2617 | D        | Noticed a wretched star
  2617 | D        | Noticed an iron imp
  2617 | D        | Noticed a worldbinder
  2617 | D        | Noticed a great orb of eyes
  2617 | D        | Noticed a sky beast
  2617 | D        | Noticed a large abomination
  2617 | D        | Killed a thrashing horror
  2617 | D        | Killed a small abomination
  2617 | D        | Killed a small abomination
  2617 | D        | Killed a sky beast
  2617 | D        | Killed an iron imp
  2617 | D        | Killed a worldbinder
  2618 | D        | Noticed a raiju
  2618 | D        | Killed a vampire
  2618 | D        | Killed a neqoxec
  2618 | D        | Killed a large abomination
  2618 | D        | Killed a hellwing
  2618 | D        | Killed a wretched star
  2618 | D        | Killed an ancient zyme
  2618 | D        | Killed a smoke demon
  2618 | D        | Killed a raiju
  2618 | D        | Killed a neqoxec
  2618 | D        | Killed a large abomination
  2620 | D        | Noticed a thrashing horror
  2620 | D        | Noticed a raiju
  2621 | D        | Noticed a small abomination
  2622 | D        | Noticed a starcursed mass
  2622 | D        | Noticed a smoke demon
  2622 | D        | Noticed a wight
  2623 | D        | Noticed an ancient zyme
  2623 | D        | Killed a cacodemon
  2623 | D        | Killed a large abomination
  2623 | D        | Killed a large abomination
  2623 | D        | Killed a great orb of eyes
  2623 | D        | Killed a thrashing horror
  2623 | D        | Killed a starcursed mass
  2623 | D        | Killed a raiju
  2623 | D        | Killed a starcursed mass
  2623 | D        | Killed a small abomination
  2623 | D        | Killed a wight
  2624 | D        | Noticed a flayed ghost
  2624 | D        | Noticed a worldbinder
  2624 | D        | Noticed a large abomination
  2624 | D        | Noticed a large abomination
  2624 | D        | Noticed a wraith
  2624 | D        | Noticed an iron imp
  2624 | D        | Noticed an earth elemental
  2625 | D        | Noticed a ynoxinul
  2625 | D        | Noticed an eye of draining
  2625 | D        | Killed a raiju
  2625 | D        | Killed an ancient zyme
  2625 | D        | Killed a smoke demon
  2625 | D        | Killed a worldbinder
  2625 | D        | Killed a starcursed mass
  2625 | D        | Killed a starcursed mass
  2625 | D        | Killed an iron imp
  2626 | D        | Killed a large abomination
  2626 | D        | Killed a wraith
  2626 | D        | Killed a flayed ghost
  2626 | D        | Killed a starcursed mass
  2626 | D        | Killed a ynoxinul
  2627 | D        | Killed a large abomination
  2629 | D        | Killed an earth elemental
  2632 | D        | Killed an eye of draining
  2633 | D        | Noticed a fire bat
  2635 | D        | Noticed a large abomination
  2636 | D        | Killed a fire bat
  2642 | D        | Killed a large abomination
  2670 | D        | Got the ring of Terra Nullius {Wiz Int+2}
  2703 | D        | Got the amulet of Sisok {rCorr SInv}
  2716 | D        | Got the ring "Losch" {+Inv rPois MR+ MP-9}
  2756 | D        | Entered arena 25.
  2765 | D        | Noticed a deep elf priest
  2765 | D        | Noticed a deep elf mage
  2765 | D        | Noticed a deep elf sorcerer
  2765 | D        | Noticed a deep elf knight
  2765 | D        | Noticed a deep elf mage
  2765 | D        | Noticed a deep elf annihilator
  2765 | D        | Noticed a deep elf mage
  2765 | D        | Noticed a deep elf summoner
  2765 | D        | Noticed a deep elf mage
  2765 | D        | Noticed a deep elf summoner
  2765 | D        | Noticed a deep elf mage
  2765 | D        | Noticed a deep elf master archer
  2765 | D        | Noticed a deep elf fighter
  2765 | D        | Noticed a deep elf master archer
  2765 | D        | Noticed a deep elf blademaster
  2765 | D        | Noticed a deep elf blademaster
  2765 | D        | Noticed a deep elf demonologist
  2765 | D        | Noticed a deep elf high priest
  2765 | D        | Noticed a deep elf sorcerer
  2765 | D        | Noticed a deep elf master archer
  2765 | D        | Noticed a deep elf sorcerer
  2765 | D        | Noticed a deep elf master archer
  2765 | D        | Noticed a deep elf annihilator
  2766 | D        | Noticed a deep elf blademaster
  2766 | D        | Noticed a deep elf sorcerer
  2766 | D        | Noticed a deep elf annihilator
  2766 | D        | Noticed a deep elf fighter
  2766 | D        | Noticed a deep elf conjurer
  2766 | D        | Noticed a deep elf sorcerer
  2766 | D        | Noticed a deep elf conjurer
  2766 | D        | Noticed a deep elf high priest
  2766 | D        | Noticed a deep elf master archer
  2766 | D        | Noticed a deep elf knight
  2767 | D        | Noticed a deep elf knight
  2767 | D        | Noticed a deep elf high priest
  2767 | D        | Noticed a deep elf mage
  2767 | D        | Noticed a deep elf blademaster
  2767 | D        | Noticed a deep elf conjurer
  2767 | D        | Noticed a deep elf summoner
  2767 | D        | Noticed a deep elf knight
  2767 | D        | Noticed a deep elf knight
  2768 | D        | Noticed a deep elf mage
  2769 | D        | Noticed a deep elf mage
  2769 | D        | Killed a deep elf mage
  2769 | D        | Killed a deep elf mage
  2769 | D        | Killed a deep elf mage
  2769 | D        | Killed a deep elf mage
  2769 | D        | Killed a deep elf mage
  2769 | D        | Killed a deep elf fighter
  2769 | D        | Killed a deep elf mage
  2769 | D        | Killed a deep elf mage
  2770 | D        | Noticed a deep elf blademaster
  2770 | D        | Killed a deep elf sorcerer
  2770 | D        | Reached skill level 10 in Evocations
  2770 | D        | Killed a deep elf blademaster
  2770 | D        | Killed a deep elf knight
  2770 | D        | Killed a deep elf knight
  2770 | D        | Killed a deep elf summoner
  2770 | D        | Killed a deep elf sorcerer
  2770 | D        | Reached skill level 26 in Armour
  2770 | D        | Killed a deep elf high priest
  2770 | D        | Killed a deep elf knight
  2770 | D        | Killed a deep elf conjurer
  2770 | D        | Killed a deep elf conjurer
  2770 | D        | Killed a deep elf summoner
  2770 | D        | Killed a deep elf knight
  2770 | D        | Killed a deep elf demonologist
  2770 | D        | Reached XP level 19. HP: 156/211 MP: 28/34
  2770 | D        | Killed a deep elf knight
  2770 | D        | Killed a deep elf sorcerer
  2770 | D        | Killed a deep elf high priest
  2770 | D        | Killed a deep elf priest
  2770 | D        | Killed a deep elf high priest
  2770 | D        | Killed a deep elf mage
  2770 | D        | Killed a deep elf conjurer
  2770 | D        | Killed a deep elf fighter
  2770 | D        | Killed a deep elf summoner
  2771 | D        | Noticed a deep elf fighter
  2771 | D        | Killed a deep elf blademaster
  2771 | D        | Killed a deep elf blademaster
  2771 | D        | Killed a deep elf blademaster
  2771 | D        | Killed a deep elf sorcerer
  2771 | D        | Killed a deep elf annihilator
  2771 | D        | Killed a deep elf master archer
  2771 | D        | Killed a deep elf master archer
  2771 | D        | Killed a deep elf sorcerer
  2771 | D        | Killed a deep elf master archer
  2771 | D        | Killed a deep elf master archer
  2771 | D        | Killed a deep elf annihilator
  2771 | D        | Killed a deep elf fighter
  2773 | D        | Killed a deep elf blademaster
  2775 | D        | Killed a deep elf master archer
  2778 | D        | Killed a deep elf annihilator
  2849 | D        | Entered arena 26.
  2858 | D        | Noticed a soul eater
  2858 | D        | Noticed a soul eater
  2859 | D        | Noticed a soul eater
  2859 | D        | Noticed a shadow dragon
  2859 | D        | Noticed a shadow dragon
  2859 | D        | Noticed a soul eater
  2859 | D        | Noticed a phantasmal warrior
  2859 | D        | Noticed a ghoul
  2859 | D        | Noticed a reaper
  2859 | D        | Noticed a soul eater
  2859 | D        | Noticed a freezing wraith
  2859 | D        | Noticed a Shadow Fiend
  2860 | D        | Noticed a ghoul
  2860 | D        | Noticed a soul eater
  2860 | D        | Noticed a soul eater
  2860 | D        | Noticed a shadow dragon
  2860 | D        | Noticed a ghoul
  2860 | D        | Noticed a necrophage
  2860 | D        | Noticed a shadow dragon
  2860 | D        | Noticed a hellion
  2860 | D        | Noticed a shadow dragon
  2860 | D        | Noticed a soul eater
  2860 | D        | Noticed a soul eater
  2861 | D        | Noticed a soul eater
  2861 | D        | Noticed a shadow dragon
  2861 | D        | Noticed a ghoul
  2862 | D        | Killed a freezing wraith
  2862 | D        | Killed a phantasmal warrior
  2862 | D        | Reached skill level 15 in Evocations
  2862 | D        | Killed a soul eater
  2862 | D        | Killed a soul eater
  2862 | D        | Killed a necrophage
  2862 | D        | Reached skill level 27 in Armour
  2862 | D        | Killed a soul eater
  2862 | D        | Reached skill level 27 in Shields
  2863 | D        | Noticed a shadow dragon
  2863 | D        | Noticed a ghoul
  2863 | D        | Noticed a ghoul
  2863 | D        | Killed a soul eater
  2863 | D        | Killed a soul eater
  2863 | D        | Killed a soul eater
  2863 | D        | Killed a soul eater
  2863 | D        | Killed a soul eater
  2863 | D        | Reached skill level 5 in Stealth
  2863 | D        | Killed a soul eater
  2863 | D        | Killed a soul eater
  2863 | D        | Killed a hellion
  2864 | D        | Noticed a soul eater
  2864 | D        | Killed a Shadow Fiend
  2864 | D        | Killed a reaper
  2866 | D        | Killed a shadow dragon
  2868 | D        | Killed a shadow dragon
  2868 | D        | Reached skill level 10 in Stealth
  2870 | D        | Killed a ghoul
  2871 | D        | Killed a shadow dragon
  2874 | D        | Killed a ghoul
  2877 | D        | Killed a shadow dragon
  2880 | D        | Killed a shadow dragon
  2881 | D        | Killed a shadow dragon
  2887 | D        | Killed a soul eater
  2889 | D        | Killed a ghoul
  2895 | D        | Killed a shadow dragon
  2904 | D        | Killed a ghoul
  2904 | D        | Reached skill level 15 in Stealth
  2908 | D        | Killed a ghoul
  2912 | D        | Killed a ghoul
  2956 | D        | Got the ring "Omaqyif" {+Inv rC+ Dex-2 SInv Stlth+}
  2970 | D        | Got the amulet of the Median {+Rage Dex+2}
  2983 | D        | Got the ring "Dyagram" {Ice Dex+4}
  3027 | D        | Entered arena 27.
  3036 | D        | Noticed an insubstantial wisp
  3037 | D        | Noticed a storm dragon
  3037 | D        | Noticed a storm dragon
  3037 | D        | Noticed an electric golem
  3037 | D        | Noticed an insubstantial wisp
  3037 | D        | Noticed an air elemental
  3037 | D        | Noticed a titan
  3037 | D        | Noticed an insubstantial wisp
  3038 | D        | Noticed a wind drake
  3038 | D        | Noticed a storm dragon
  3038 | D        | Noticed a storm dragon
  3038 | D        | Noticed a storm dragon
  3038 | D        | Noticed a spriggan air mage
  3038 | D        | Noticed an electric golem
  3038 | D        | Noticed a wind drake
  3038 | D        | Noticed a wind drake
  3038 | D        | Noticed a storm dragon
  3038 | D        | Noticed a titan
  3038 | D        | Noticed an air elemental
  3038 | D        | Noticed a spriggan air mage
  3038 | D        | Noticed a storm dragon
  3038 | D        | Noticed a titan
  3038 | D        | Noticed a storm dragon
  3038 | D        | Noticed an air elemental
  3038 | D        | Noticed a titan
  3038 | D        | Noticed a storm dragon
  3038 | D        | Noticed a wind drake
  3038 | D        | Noticed a wind drake
  3038 | D        | Noticed a storm dragon
  3038 | D        | Noticed an air elemental
  3038 | D        | Noticed a titan
  3039 | D        | Noticed a titan
  3039 | D        | Noticed an air elemental
  3039 | D        | Noticed an electric golem
  3039 | D        | Noticed an electric golem
  3039 | D        | Noticed an electric golem
  3039 | D        | Noticed a wind drake
  3039 | D        | Noticed an electric golem
  3039 | D        | Noticed a storm dragon
  3039 | D        | Noticed a spriggan air mage
  3039 | D        | Noticed a storm dragon
  3039 | D        | Noticed a spriggan air mage
  3039 | D        | Noticed a spriggan air mage
  3039 | D        | Noticed a spriggan air mage
  3039 | D        | Noticed a titan
  3040 | D        | Noticed an electric golem
  3040 | D        | Noticed a spriggan air mage
  3040 | D        | Noticed a wind drake
  3040 | D        | Noticed a titan
  3040 | D        | Killed an air elemental
  3040 | D        | Killed an air elemental
  3040 | D        | Killed an insubstantial wisp
  3040 | D        | Killed an air elemental
  3040 | D        | Killed an insubstantial wisp
  3040 | D        | Killed a spriggan air mage
  3040 | D        | Killed a spriggan air mage
  3040 | D        | Killed a spriggan air mage
  3040 | D        | Killed a spriggan air mage
  3041 | D        | Noticed a titan
  3041 | D        | Noticed a spriggan air mage
  3041 | D        | Noticed a wind drake
  3041 | D        | Killed an air elemental
  3041 | D        | Killed a wind drake
  3041 | D        | Killed a wind drake
  3041 | D        | Killed a spriggan air mage
  3041 | D        | Killed a wind drake
  3041 | D        | Killed a spriggan air mage
  3041 | D        | Reached XP level 20. HP: 215/225 MP: 29/35
  3041 | D        | Killed a spriggan air mage
  3041 | D        | Killed a wind drake
  3041 | D        | Killed a wind drake
  3041 | D        | Killed a spriggan air mage
  3042 | D        | Noticed a spriggan air mage
  3042 | D        | Noticed a storm dragon
  3042 | D        | Noticed a spriggan air mage
  3042 | D        | Noticed a wind drake
  3042 | D        | Noticed an electric golem
  3042 | D        | Killed an electric golem
  3042 | D        | Killed an electric golem
  3042 | D        | Killed a storm dragon
  3042 | D        | Killed an electric golem
  3042 | D        | Killed a storm dragon
  3042 | D        | Killed an electric golem
  3042 | D        | Killed a storm dragon
  3042 | D        | Killed an electric golem
  3042 | D        | Killed an electric golem
  3042 | D        | Killed a storm dragon
  3042 | D        | Killed a wind drake
  3042 | D        | Killed an air elemental
  3042 | D        | Killed a wind drake
  3042 | D        | Killed a spriggan air mage
  3042 | D        | Killed a storm dragon
  3043 | D        | Noticed a spriggan air mage
  3043 | D        | Noticed a titan
  3043 | D        | Noticed a wind drake
  3044 | D        | Killed a titan
  3046 | D        | Noticed a wind drake
  3046 | D        | Killed a storm dragon
  3049 | D        | Killed a spriggan air mage
  3049 | D        | Killed a titan
  3049 | D        | Killed a storm dragon
  3049 | D        | Killed a spriggan air mage
  3049 | D        | Killed a wind drake
  3049 | D        | Killed a storm dragon
  3049 | D        | Killed a storm dragon
  3049 | D        | Killed a storm dragon
  3049 | D        | Killed an insubstantial wisp
  3049 | D        | Killed a wind drake
  3050 | D        | Killed a titan
  3050 | D        | Killed a titan
  3050 | D        | Reached skill level 27 in Polearms
  3050 | D        | Killed a titan
  3050 | D        | Killed a titan
  3050 | D        | Killed a wind drake
  3050 | D        | Killed an electric golem
  3050 | D        | Killed a wind drake
  3054 | D        | Killed a storm dragon
  3056 | D        | Killed a storm dragon
  3059 | D        | Killed an electric golem
  3060 | D        | Killed a titan
  3060 | D        | Killed a storm dragon
  3060 | D        | Reached skill level 27 in Stealth
  3060 | D        | Killed a titan
  3061 | D        | Killed a titan
  3067 | D        | Killed a titan
  3097 | D        | Got the ring "Zeefaol" {rElec rC+}
  3127 | D        | Got the ring "Meahe" {-Tele +Inv rElec rN+ Str+3}
  3150 | D        | Got the ring "Beacaneph" {Ice +Inv Str+2}
  3196 | D        | Got the Orb of Zot
  3201 | D        | Escaped with the Orb!

Vault maps used:
D:        sprint_v

Action                   |  1- 3 |  4- 6 |  7- 9 | 10-12 | 13-15 | 16-18 | 19-21 || total
-------------------------+-------+-------+-------+-------+-------+-------+-------++-------
Melee: Trident           |    40 |   100 |    13 |    43 |     4 |       |       ||   200
       Lance             |       |       |       |       |    72 |    41 |    76 ||   189
Invok: Slouch            |       |       |     5 |    21 |    29 |    23 |    13 ||    91
       Bend Time         |       |       |       |     1 |       |       |       ||     1
 Abil: Spit Poison       |     1 |     9 |     2 |       |       |       |       ||    12
       Evoke Invisibilit |       |       |       |       |       |     1 |     2 ||     3
Evoke: Wand              |       |       |       |     1 |       |       |       ||     1
  Use: Potion            |     2 |     1 |       |     4 |     7 |     2 |       ||    16
       Scroll            |       |       |       |     1 |       |     4 |       ||     5
 Stab: Invisible         |       |       |       |       |       |       |     1 ||     1
  Eat: Chunk             |       |       |    15 |     7 |     5 |       |       ||    27
       Bread ration      |       |       |     1 |       |       |       |       ||     1
       Meat ration       |       |       |       |       |     1 |     1 |     1 ||     3
